 Dungeon Crawl Stone Soup version 0.21.1-1-g345015f (webtiles) character file.

6661 Gadfly the Sculptor of Flesh (level 10, -6/80 HPs)
             Began as a Demonspawn Monk on July 5, 2018.
             Was an Elder of Yredelemnul.
             Killed from afar by Erica (21 damage)
             ... with a bolt of poison
             ... on level 8 of the Dungeon.
             The game lasted 00:20:59 (8226 turns).

Gadfly the Sculptor of Flesh (Demonspawn Monk)      Turns: 8226, Time: 00:21:05

Health: -6/80      AC: 19    Str: 15    XL:     10   Next: 73%
Magic:  18/18      EV:  6    Int:  8    God:    Yredelemnul [****..]
Gold:   239        SH:  0    Dex: 20    Spells: 9/9 levels left

rFire    + . .     SeeInvis .   x - +6 battleaxe
rCold    . . .     Gourm    .   (shield currently unavailable)
rNeg     + . .     Faith    .   B - +0 plate armour
rPois    .         Spirit   .   i - +1 helmet
rElec    .         Reflect  .   z - +0 cloak
rCorr    .         Harm     .   (no gloves)
MR       ++...     Rnd*Rage +   (no boots)
Stlth    ..........             r - necklace of Bloodlust {*Rage +Rage MR++ Int-3 Slay+6 *Curse}
HPRegen  0.23/turn              l - ring of positive energy
MPRegen  0.16/turn              y - +2 ring of protection

@: lethally poisoned (-6 -> -12)
A: claws 2, agile 1, blurry vision 1, fire resistance 1, spiny 1, strong 1
a: Recall Undead Slaves, Injury Mirror, Animate Dead, Drain Life, Renounce
Religion, Evoke Berserk Rage


You were on level 8 of the Dungeon.
You worshipped Yredelemnul.
Yredelemnul was greatly pleased with you.
You were not hungry.

You visited 2 branches of the dungeon, and saw 9 of its levels.

You collected 239 gold pieces.

Inventory:

Hand Weapons
 x - a +6 battleaxe (weapon)
Armour
 i - a +1 helmet (worn)
 z - a +0 cloak (worn)
 B - a +0 plate armour (worn)
Jewellery
 l - a ring of positive energy (left claw)
 r - the necklace of Bloodlust (around neck) {*Rage +Rage MR++ Int-3 Slay+6 *Curse}
   (You found it on level 4 of the Dungeon)

   [amulet of rage]

   It affects your intelligence (-3).
   It affects your accuracy and damage with ranged weapons and melee attacks
   (+6).
   It affects your resistance to hostile enchantments.
   It lets you go berserk.
   It may make you go berserk in combat.
   It curses itself when equipped.
 v - an uncursed ring of see invisible
 y - a +2 ring of protection (right claw)
Wands
 q - a wand of random effects (46)
Scrolls
 d - 2 scrolls of remove curse
 f - a scroll of enchant armour
 h - a scroll of immolation
 k - a scroll of fog
 m - a scroll of blinking
 o - 2 scrolls of identify
 p - a scroll of magic mapping
 s - 2 scrolls of amnesia
 u - a scroll of fear
Potions
 b - 2 potions of haste
 e - 2 potions of invisibility
 j - a potion of ambrosia
 t - a potion of heal wounds {unknown}
Books
 n - a book of Clouds

   Spells                             Type                      Level
   a - Poisonous Vapours              Poison/Air                   2
   b - Mephitic Cloud                 Conjuration/Poison/Air       3
   c - Conjure Flame                  Conjuration/Fire             3
   d - Freezing Cloud                 Conjuration/Ice/Air          6
   e - Ring of Flames                 Charms/Fire                  7
Miscellaneous
 w - a fan of gales
Comestibles
 a - 12 chunks of flesh
 c - 13 rations


   Skills:
 + Level 7.8 Fighting
 + Level 7.2 Axes
 + Level 7.5 Armour
 - Level 2.6 Dodging
 - Level 1.7 Stealth
 + Level 10.7 Invocations
 + Level 5.1 Evocations


You had 9 spell levels left.
You didn't know any spells.

Dungeon Overview and Level Annotations

Branches:
Dungeon (8/15)             Temple (1/1) D:4
   Lair: D:8-11

Altars:
Ashenzari
Cheibriados
Dithmenos
Elyvilon
Gozag
Hepliaklqana
Kikubaaqudgha
Makhleb
Nemelex Xobeh
Okawaru
Qazlal
Ru
Sif Muna
Trog
Vehumet
Xom
Yredelemnul
Zin
The Shining One

Annotations:
D:8 Erica


Innate Abilities, Weirdness & Mutations

You have very sharp fingernails.
Your flesh is heat resistant. (rF+)
You are partially covered in sharp spines.
You are agile. (Dex +2)
Scrolls take you a little longer to read.
Your muscles are strong. (Str +2)


Message History

You hear some strange, mumbled words.
A bolt of poison appears from out of thin air!
The bolt of poison hits you!
You are lethally poisoned!
* * * LOW HITPOINT WARNING * * *
The bolt of poison hits your flying skull.
Your flying skull completely resists.
Your flying skull hits something!
Something hits you.
* * * LOW HITPOINT WARNING * * *
You feel better.
Your flying skull barely misses something.
You swap places.
You hear some strange, mumbled words.
A bolt of poison appears from out of thin air!
The bolt of poison hits your flying skull.
Your flying skull completely resists.
The bolt of poison hits you!
You are poisoned.
You die...
Your body rises from the dead as a mindless zombie.

..#....... .pp...p# (
#......# ## ......# #
.... ... #.....# .#......
##..#####)#######.#......
........z.(..............
......zMz...............#
.%....{z@Z(...........#.#
.......)...(.............
............(.(.......##.
......................##.
......................##.
.........................
......................###
.........................
..................###


You could see a neutral freed slave (wandering), 4 friendly flying skulls, a
friendly mummy and a friendly hippogriff zombie.

Vanquished Creatures
  An unseen horror (D:7)
  Pikel (D:8)
  The ghost of dedward the Cleaver, a novice MiBe of Trog (D:7)
  Grinder (D:4)
  3 hippogriffs
  Sigmund (D:4)
  2 hungry ghosts
  An ice beast (D:6)
  Duvessa (D:6)
  3 orc warriors
  2 phantoms (D:5)
  A black bear (D:7)
  5 ogres
  5 centaurs
  A big kobold (D:8)
  4 bullfrogs
  Dowan (D:6)
  A killer bee (D:7)
  4 scorpions
  12 wights
  2 crimson imps
  3 howler monkeys (D:7)
  A bullfrog zombie (D:8)
  6 orc wizards
  A jelly (D:7)
  3 orc priests
  5 hounds
  A centaur skeleton (D:6)
  3 iguanas
  Natasha (D:4)
  3 worker ants
  A hound zombie (D:7)
  8 adders
  7 gnolls
  2 oozes
  An adder skeleton (D:7)
  3 worms
  2 leopard geckos
  23 orcs
  2 ball pythons
  4 giant cockroaches
  3 hobgoblins
  14 jackals
  6 kobolds
  6 quokkas
  11 bats
  4 frilled lizards
  12 goblins
  A jackal skeleton (D:5)
  2 quokka skeletons (D:4)
  2 quokka zombies (D:6)
  6 rats
200 creatures vanquished.

Vanquished Creatures (collateral kills)
  The ghost of mistaj the Cleaver, a novice DDFi of Elyvilon (D:8)
  An ice beast (D:7)
  A phantom (D:5)
  A slave (D:8)
  An ogre (D:4)
  A bullfrog (D:7)
  Natasha (twice) (D:4)
  An adder skeleton (D:5)
  2 orcs
  A giant cockroach (D:8)
  A frilled lizard (D:4)
  A kobold (D:8)
14 creatures vanquished.

Vanquished Creatures (others)
  An ogre zombie (D:4)
  An orc skeleton (D:4)
  An adder skeleton (D:7)
  2 orc zombies (D:4)
  A quokka zombie (D:8)
6 creatures vanquished.

Grand Total: 220 creatures vanquished

Notes
Turn   | Place    | Note
-------+----------+-------------------------------------------
     0 | D:1      | Gadfly the Demonspawn Monk began the quest for the Orb.
     0 | D:1      | Reached XP level 1. HP: 18/18 MP: 1/1
   403 | D:1      | Reached skill level 1 in Armour
   403 | D:1      | Gained mutation: You are partially covered in sharp spines. [demonic ancestry]
   403 | D:1      | Reached XP level 2. HP: 23/24 MP: 2/2
  1257 | D:2      | Noticed a bullfrog
  1257 | D:2      | Reached XP level 3. HP: 29/29 MP: 3/3
  1264 | D:2      | Killed a bullfrog
  1264 | D:2      | Gained mutation: Your flesh is heat resistant. (rF+) [demonic ancestry]
  1264 | D:2      | Reached XP level 4. HP: 27/36 MP: 4/4
  1918 | D:2      | Gained mutation: You have sharp fingernails. [demonic ancestry]
  1918 | D:2      | Reached XP level 5. HP: 40/42 MP: 5/5
  2829 | D:3      | Reached XP level 6. HP: 23/48 MP: 6/6
  3421 | D:4      | Noticed Natasha
  3440 | D:4      | Found a staircase to the Ecumenical Temple.
  3449 | Temple   | Entered the Ecumenical Temple
  3639 | Temple   | Became a worshipper of Yredelemnul the Dark
  3639 | Temple   | Reached * piety under Yredelemnul
  3639 | Temple   | Reached ** piety under Yredelemnul
  3655 | D:4      | Killed Natasha
  3662 | D:4      | Reached XP level 7. HP: 16/55 MP: 7/7
  3989 | D:4      | Reached skill level 5 in Fighting
  3989 | D:4      | Reached skill level 5 in Armour
  3989 | D:4      | Reached skill level 1 in Invocations
  4069 | D:4      | Noticed Natasha
  4077 | D:4      | Killed Natasha
  4147 | D:4      | Noticed Natasha
  4152 | D:4      | Killed Natasha
  4152 | D:4      | Reached skill level 2 in Invocations
  4317 | D:4      | Noticed Sigmund
  4329 | D:4      | Killed Sigmund
  4329 | D:4      | Reached skill level 3 in Invocations
  4364 | D:4      | Reached XP level 8. HP: 20/62 MP: 10/10
  4599 | D:4      | Noticed Grinder
  4615 | D:4      | Killed Grinder
  4615 | D:4      | Reached skill level 5 in Axes
  4615 | D:4      | Reached skill level 4 in Invocations
  4959 | D:4      | Found an iron altar of Okawaru.
  5170 | D:4      | Found the cursed necklace of Bloodlust {*Rage +Rage MR++ Int-3 Slay+6 *Curse}
  5276 | D:5      | Entered Level 5 of the Dungeon
  5400 | D:5      | Reached skill level 5 in Invocations
  5431 | D:5      | Reached skill level 1 in Evocations
  5648 | D:5      | Reached skill level 6 in Invocations
  5707 | D:5      | Reached *** piety under Yredelemnul
  6110 | D:6      | Reached XP level 9. HP: 62/69 MP: 12/14
  6219 | D:6      | Reached skill level 7 in Invocations
  6293 | D:6      | Noticed Duvessa
  6298 | D:6      | Killed Duvessa
  6299 | D:6      | Noticed Dowan
  6302 | D:6      | Killed Dowan
  6735 | D:7      | Reached skill level 8 in Invocations
  6931 | D:7      | Noticed dedward's ghost (novice MiBe)
  6938 | D:7      | Killed dedward's ghost
  6938 | D:7      | Received a gift from Yredelemnul (a mummy)
  6946 | D:7      | Gained mutation: Scrolls take you a little longer to read. [potion of mutation]
  6946 | D:7      | Gained mutation: You are agile. (Dex +2) [potion of mutation]
  6946 | D:7      | Gained mutation: Your muscles are strong. (Str +2) [potion of mutation]
  7076 | D:7      | Reached skill level 9 in Invocations
  7258 | D:7      | Gained mutation: You have very sharp fingernails. [demonic ancestry]
  7258 | D:7      | Reached XP level 10. HP: 79/79 MP: 16/16
  7406 | D:7      | Reached **** piety under Yredelemnul
  7409 | D:7      | Killed an unseen horror
  7409 | D:7      | Reached skill level 10 in Invocations
  8053 | D:8      | Found a hazy altar of Hepliaklqana.
  8150 | D:8      | Found a bloodstained altar of Trog.
  8162 | D:8      | Found a shimmering altar of Xom.
  8163 | D:8      | Found a burning altar of Makhleb.
  8205 | D:8      | Noticed mistaj's ghost (novice DDFi)
  8210 | D:8      | Noticed Pikel
  8212 | D:8      | Received a gift from Yredelemnul (4 flying skulls)
  8215 | D:8      | Killed mistaj's ghost
  8215 | D:8      | Reached skill level 5 in Evocations
  8216 | D:8      | Noticed Erica
  8218 | D:8      | Killed Pikel
  8224 | D:8      | Noticed a dagger
  8226 | D:8      | Killed from afar by Erica

Skill      XL: |  1  2  3  4  5  6  7  8  9 10 |
---------------+-------------------------------+-----
Armour         | 1 2 3 4 5 6 7 |  7.5
Axes           | 3 4 5 6 7 |  7.2
Fighting       | 4 5 6 7 |  7.8
Invocations    | 3 6 9 10 | 10.7
Evocations     | 2 3 5 |  5.1
Dodging        | |  2.6
Stealth        | |  1.7

Action                   |  1- 3 |  4- 6 |  7- 9 | 10-12 || total
-------------------------+-------+-------+-------+-------++-------
Melee: Hand axe          |    77 |    68 |       |       ||   145
       War axe           |       |    63 |   108 |       ||   171
       Battleaxe         |       |       |    52 |    57 ||   109
Invok: Animate Remains   |       |       |     7 |       ||     7
       Animate Dead      |       |       |     7 |     8 ||    15
  Use: Scroll            |     3 |     9 |     6 |     2 ||    20
       Potion            |     1 |     3 |     5 |     2 ||    11
 Stab: Sleeping          |     1 |       |       |       ||     1
       Distracted        |       |       |       |     1 ||     1
  Eat: Chunk             |     1 |     7 |    16 |     8 ||    32
Armor: Robe              |     7 |       |       |       ||     7
       Ring mail         |    19 |    37 |       |       ||    56
       Scale mail        |       |    32 |    46 |       ||    78
       Chain mail        |       |       |    46 |    24 ||    70
       Plate armour      |       |       |       |    31 ||    31
Dodge: Dodged            |    54 |    84 |    71 |    33 ||   242
